 Dungeon Crawl Stone Soup version 0.24.0-37-gcf1ca852f1 (webtiles) character file.

Game seed: 9751026558590643049, levelgen mode: deterministic

163 Belius the Skirmisher (level 5, -1/43 HPs)
             Began as a Formicid Abyssal Knight on Dec 6, 2019.
             Was a Believer of Lugonu.
             Succumbed to a scorpion's poison
             ... on level 3 of the Dungeon.
             The game lasted 00:07:11 (3388 turns).

Belius the Skirmisher (Formicid Abyssal Knight)     Turns: 3388, Time: 00:07:12

Health: -1/43      AC:  5    Str: 15 (17) XL:     5   Next: 73%
Magic:  6/6        EV: 10    Int: 12      God:    Lugonu [**....]
Gold:   76         SH:  0    Dex:  9 (10) Spells: 4/4 levels left

rFire    . . .     SeeInvis +   a - +1 falchion
rCold    . . .     Gourm    .   (no shield)
rNeg     . . .     Faith    .   o - +0 ring mail
rPois    .         Spirit   .   (helmet unavailable)
rElec    .         Reflect  .   (no cloak)
rCorr    .         Harm     .   (no gloves)
MR       .....                  (no boots)
Stlth    ..........             (no amulet)
HPRegen  0.14/turn              (no ring)
MPRegen  0.10/turn              (no ring)

@: lethally poisoned (-1 -> -28)
A: permanent stasis, dig shafts and tunnels, four strong arms, antennae 3
a: Dig, Shaft Self, Depart the Abyss, Bend Space, Renounce Religion


You were on level 3 of the Dungeon.
You worshipped Lugonu.
Lugonu was pleased with you.
You were near starving.

You visited 1 branch of the dungeon, and saw 3 of its levels.
You visited the Abyss 1 time.

You collected 76 gold pieces.

Inventory:

Hand Weapons
 a - a +1 falchion (weapon)
Armour
 o - a +0 ring mail (worn)
Jewellery
 f - an uncursed ring of protection from cold
 k - an uncursed ring of ice {unknown}
 m - an uncursed amulet of faith {unknown}
Wands
 b - a wand of random effects (19)
Scrolls
 d - a scroll of immolation
 e - 3 scrolls of teleportation
 n - 2 scrolls of amnesia
 q - 2 scrolls of remove curse
Potions
 l - a potion of flight
Comestibles
 c - 7 rations


   Skills:
 + Level 4.5 Fighting
 + Level 3.9 Long Blades
 + Level 3.3 Armour
 - Level 1.0 Dodging
 + Level 0.3 Stealth
 + Level 2.2 Invocations


You had 4 spell levels left.
You didn't know any spells.
Your spell library contained the following spells:

 Spells                   Type           Power        Failure   Level  Hunger
 Magic Dart               Conj           #...         54%         1    ##.....
 Summon Small Mammal      Summ           #...         54%         1    ##.....
 Call Imp                 Summ           #.......     67%         2    ###....
 Call Canine Familiar     Summ           #.......     88%         3    ####...
 Summon Guardian Golem    Hex/Summ       #.......     88%         3    ####...
 Summon Ice Beast         Ice/Summ       #.......     99%         4    #####..
 Summon Lightning Spire   Summ/Air       #.......     99%         4    #####..


Dungeon Overview and Level Annotations

Branches:
Dungeon (3/15)

Altars:
Cheibriados
Kikubaaqudgha
Sif Muna
Vehumet
Wu Jian

Annotations:
D:3 3 runed translucent doors, Amplified's ghost, weakling OpWz; tape's ghost, novice OpTm


Innate Abilities, Weirdness & Mutations

You cannot be hasted, slowed, berserked, paralysed or teleported.
You can dig through walls and to a lower floor.
Your four strong arms can wield two-handed weapons with a shield.
You have a pair of large antennae on your head. (SInv)


Message History

You are more poisoned.
The scorpion poisons you!
Okay, then.
You barely miss the scorpion.
The scorpion is severely wounded.
* * * LOW HITPOINT WARNING * * *
You feel sick. The scorpion stings you.
* * * LOW HITPOINT WARNING * * *
Okay, then.
Okay, then.
You hit the scorpion but do no damage.
The scorpion is severely wounded.
* * * LOW HITPOINT WARNING * * *
You feel sick. The scorpion stings you.
* * * LOW HITPOINT WARNING * * *
You are more poisoned.
The scorpion poisons you!
You barely miss the scorpion.
The scorpion is severely wounded.
You die...

#.# #.#.# ..$... ..#.# ..
+#. .....# ..#.# #.#.#.
.....#. ..#.# #...#.#
....... ).#.# ##...#.#
..... ..#.# ....<#.# ...$
..#.#.#####)(#.##s#.#
....#.#.........@.#.#
....#...........###.#####
....###.###..............
....# #.# #...........#
#+#.###.# #...........#
#.....# #...........#
#########...........#
.......'..>........#
#....###...........#


You could see a scorpion.

Vanquished Creatures
  A hound zombie (D:2)
  3 gnolls (D:2)
  5 adders
  3 worms
  2 dart slugs (D:2)
  A leopard gecko (D:1)
  3 bats
  3 giant cockroaches
  10 goblins
  8 hobgoblins
  5 jackals (D:2)
  6 kobolds
  2 quokkas (D:2)
  4 frilled lizards
  5 rats
61 creatures vanquished.

Vanquished Creatures (others)
  2 withered plants (D:3)
2 creatures vanquished.

Grand Total: 63 creatures vanquished

Notes
Turn   | Place    | Note
-------+----------+-------------------------------------------
     0 | Abyss:1  | Belius the Formicid Abyssal Knight began the quest for the
                  | Orb.
     0 | Abyss:1  | Reached XP level 1. HP: 18/18 MP: 2/2
   188 | Abyss:1  | Noticed a smoke demon
   191 | D:1      | Escaped the Abyss
   434 | D:1      | Reached XP level 2. HP: 25/25 MP: 3/3
   610 | D:1      | Reached skill level 1 in Dodging
   612 | D:1      | Reached * piety under Lugonu
   612 | D:1      | Reached skill level 4 in Fighting
  1266 | D:2      | Reached XP level 3. HP: 21/30 MP: 4/4
  1628 | D:2      | Reached XP level 4. HP: 28/37 MP: 5/5
  1650 | D:2      | Found an ancient bone altar of Kikubaaqudgha.
  1652 | D:2      | Found a shimmering blue altar of Sif Muna.
  1664 | D:2      | Found a radiant altar of Vehumet.
  1669 | D:2      | Identified Vehumet's Disquisition on Battle Magic
  1692 | D:2      | Found an ornate altar of the Wu Jian Council.
  1699 | D:2      | Found a snail-covered altar of Cheibriados.
  1912 | D:2      | Reached ** piety under Lugonu
  2203 | D:2      | Reached XP level 5. HP: 26/43 MP: 6/6
  2913 | D:3      | Found a runed translucent gate.
  2913 | D:3      | Found a runed translucent gate.
  2913 | D:3      | Found a runed translucent gate.
  2913 | D:3      | Noticed Amplified's ghost (weakling OpWz)
  2914 | D:3      | Noticed tape's ghost (novice OpTm)
  3387 | D:3      | HP: 2/43 [scorpion (1)]
  3388 | D:3      | Succumbed to a scorpion's poison

Levels and vault maps discovered:
D:1:      lightli_arrival_statue_moat, layout_loops_ring, minmay_ruptured
D:2:      layout_loops_ring, grunt_temple_overflow_magic_moments,
          lemuel_crystal_altar, kennysheep_slug_shrine
D:3:      layout_basic, gammafunk_ghost_cemetery, first_ration

Skill      XL: |  1  2  3  4 |
---------------+-------------+-----
Dodging        | 1 |  1.0
Fighting       | 4 |  4.5
Long Blades    | 3 |  3.9
Armour         | 3 |  3.3
Stealth        | |  0.3
Invocations    | |  2.2

Action                   |  1- 3 |  4- 6 || total
-------------------------+-------+-------++-------
Melee: Falchion          |    89 |   162 ||   251
Invok: Depart the Abyss  |     1 |       ||     1
 Abil: Dig               |     2 |     2 ||     4
  Use: Scroll            |     1 |     3 ||     4
       Potion            |       |     6 ||     6
  Eat: Chunk             |     2 |     5 ||     7
Armor: Scale mail        |     1 |       ||     1
       Leather armour    |    27 |       ||    27
       Ring mail         |       |    46 ||    46
Dodge: Dodged            |    60 |    60 ||   120
       Rpst.: Falchion   |    17 |     9 ||    26
